SA
SYRACUSE STORM @ CONNETQUOT CHIEFS
08/10/2023
 
TOP OF THE 1ST
Syracuse Storm batting - Pitching for Connetquot Chiefs : LHP Rusty Swanson
Pitching: LHP Rusty Swanson
Batting: RHB Jorge López 0-0: Foul Ball, location: 2F
0-1: Called Strike
0-2: Strikes out swinging
Batting: SHB Jim Unknown 0-0: Ball
1-0: Ball
2-0: Swinging Strike
2-1: Fly out, F5 (Popup, 56S)
Batting: RHB Octávio Beltzán 0-0: Called Strike
0-1: Swinging Strike
0-2: Foul Ball, location: 2F
0-2: Ball
1-2: Fly out, F7 (Flyball, 8LM)
Top of the 1st over - 0 run(s), 0 hit(s), 0 error(s), 0 left on base; Syracuse 0 - Connetquot 0
BOTTOM OF THE 1ST
Connetquot Chiefs batting - Pitching for Syracuse Storm : RHP Jim Unknown
Pitching: RHP Jim Unknown
Batting: RHB Juan Salinas 0-0: Fly out, F8 (Flyball, 8RM)
Batting: RHB Fred Burt 0-0: Foul Ball, location: 2F
0-1: Ball
1-1: Foul Ball, location: 2F
1-2: Foul Ball, location: 2F
1-2: Ball
2-2: Ball
3-2: Ground out 4-3 (Groundball, 4)
Batting: RHB John Burton 0-0: Ground out 5-3 (Groundball, 5)
Bottom of the 1st over - 0 run(s), 0 hit(s), 0 error(s), 0 left on base; Syracuse 0 - Connetquot 0
TOP OF THE 2ND
Syracuse Storm batting - Pitching for Connetquot Chiefs : LHP Rusty Swanson
Batting: RHB Philip Schooten 0-0: Swinging Strike
0-1: Ball
1-1: Swinging Strike
1-2: Strikes out swinging
Batting: RHB Sung-min Pae 0-0: Foul Ball, location: 2F
0-1: Ball
1-1: Foul Ball, location: 2F
1-2: Fly out, F8 (Flyball, 8RM)
Batting: RHB Carlos De Jesús 0-0: Called Strike
0-1: Foul Ball, location: 2F
0-2: Ball
1-2: Strikes out swinging
Top of the 2nd over - 0 run(s), 0 hit(s), 0 error(s), 0 left on base; Syracuse 0 - Connetquot 0
BOTTOM OF THE 2ND
Connetquot Chiefs batting - Pitching for Syracuse Storm : RHP Jim Unknown
Batting: LHB Félix Fernández 0-0: Ball
1-0: Called Strike
1-1: Ball
2-1: Ball
3-1: Foul Ball, location: 2F
3-2: Base on Balls
Batting: RHB José Magana 0-0: Ground out 3-1 (Groundball, 34)
Félix Fernández to second
Batting: LHB SaQwan Hackett 0-0: Called Strike
0-1: Ball
1-1: Called Strike
1-2: Strikes out swinging
Batting: RHB Emanuel Bree 0-0: Fly out, F7 (Flyball, 78M)
Bottom of the 2nd over - 0 run(s), 0 hit(s), 0 error(s), 1 left on base; Syracuse 0 - Connetquot 0
TOP OF THE 3RD
Syracuse Storm batting - Pitching for Connetquot Chiefs : LHP Rusty Swanson
Batting: SHB John Clayton 0-0: Ball
1-0: Called Strike
1-1: Ball
2-1: Foul Ball, location: 2F
2-2: Ground out 4-3 (Groundball, 34)
Batting: SHB Jeff Cornelis 0-0: Called Strike
0-1: SINGLE (Groundball, 15S) (infield hit)
Batting: LHB Braxton Mosley 0-0: Called Strike
0-1: Fly out, F5 (Popup, 25F)
Batting: RHB Jorge López 0-0: Ball
1-0: Ball
2-0: Called Strike
2-1: Fly out, F7 (Flyball, 7LMF)
Top of the 3rd over - 0 run(s), 1 hit(s), 0 error(s), 1 left on base; Syracuse 0 - Connetquot 0
BOTTOM OF THE 3RD
Connetquot Chiefs batting - Pitching for Syracuse Storm : RHP Jim Unknown
Batting: SHB Britt Ducker 0-0: Foul Ball, location: 2F
0-1: Fly out, F9 (Flyball, 9M)
Batting: RHB David Pérez 0-0: Foul Ball, location: 2F
0-1: Ball
1-1: Fly out, F4 (Popup, 4D)
Batting: RHB Juan Salinas 0-0: Foul Ball, location: 2F
0-1: Ground out 5-3 (Groundball, 5L)
Bottom of the 3rd over - 0 run(s), 0 hit(s), 0 error(s), 0 left on base; Syracuse 0 - Connetquot 0
TOP OF THE 4TH
Syracuse Storm batting - Pitching for Connetquot Chiefs : LHP Rusty Swanson
Batting: SHB Jim Unknown 0-0: Ball
1-0: Ball
2-0: Ball
3-0: Base on Balls
Batting: RHB Octávio Beltzán 0-0: Fielders Choice at 2nd, 4-6 (Groundball, 4)
Batting: RHB Philip Schooten 0-0: 2-RUN HOME RUN (Flyball, 89XD), Distance : 446 ft
Batting: RHB Sung-min Pae 0-0: Foul Ball, location: 2F
0-1: Fly out, F6 (Line Drive, 6M)
Batting: RHB Carlos De Jesús 0-0: Foul Ball, location: 2F
0-1: Ball
1-1: Ball
2-1: Ball
3-1: Called Strike
3-2: Strikes out swinging
Top of the 4th over - 2 run(s), 1 hit(s), 0 error(s), 0 left on base; Syracuse 2 - Connetquot 0
BOTTOM OF THE 4TH
Connetquot Chiefs batting - Pitching for Syracuse Storm : RHP Jim Unknown
Batting: RHB Fred Burt 0-0: Foul Ball, location: 2F
0-1: Ground out 6-3 (Groundball, 6M)
Batting: RHB John Burton 0-0: Ball
1-0: Ball
2-0: Ball
3-0: Called Strike
3-1: Base on Balls
Batting: LHB Félix Fernández 0-0: Called Strike
John Burton is caught stealing 2nd base
0-1: Ball
1-1: Swinging Strike
1-2: Foul Ball, location: 2F
1-2: Strikes out swinging
Bottom of the 4th over - 0 run(s), 0 hit(s), 0 error(s), 0 left on base; Syracuse 2 - Connetquot 0
TOP OF THE 5TH
Syracuse Storm batting - Pitching for Connetquot Chiefs : LHP Rusty Swanson
Batting: SHB John Clayton 0-0: Called Strike
0-1: Foul Ball, location: 2F
0-2: Foul Ball, location: 2F
0-2: Foul Ball, location: 2F
0-2: Foul Ball, location: 2F
0-2: Ball
1-2: Ball
2-2: Ball
3-2: Base on Balls
Batting: SHB Jeff Cornelis 0-0: Bunted foul
0-1: Sac Bunt - play at first, batter OUT! 1-4
John Clayton to second
Batting: LHB Braxton Mosley 0-0: Ball
1-0: Called Strike
1-1: Ball
2-1: Ball
3-1: Ground out 6-3 (Groundball, 6)
Batting: RHB Jorge López 0-0: Ball
1-0: Ball
2-0: Called Strike
2-1: Ball
3-1: Fly out, F7 (Flyball, 78M)
Top of the 5th over - 0 run(s), 0 hit(s), 0 error(s), 1 left on base; Syracuse 2 - Connetquot 0
BOTTOM OF THE 5TH
Connetquot Chiefs batting - Pitching for Syracuse Storm : RHP Jim Unknown
Batting: RHB José Magana 0-0: Ball
1-0: Called Strike
1-1: Foul Ball, location: 2F
1-2: Ball
2-2: Ball
3-2: SINGLE (Line Drive, 78S)
Batting: LHB SaQwan Hackett 0-0: Called Strike
0-1: Called Strike
0-2: Ball
1-2: SINGLE (Line Drive, 89S)
José Magana to second
Batting: RHB Emanuel Bree 0-0: Ball
1-0: Ball
2-0: Foul Ball, location: 2F
2-1: Foul Ball, location: 2F
2-2: SINGLE (Groundball, 56D) (infield hit)
José Magana to third
SaQwan Hackett to second
Batting: SHB Britt Ducker 0-0: Ball
1-0: Fly out, F7 (Flyball, 78M)
Batting: RHB David Pérez 0-0: Called Strike
0-1: Ground out 5-3 (Groundball, 56S)
José Magana scores
SaQwan Hackett to third
Emanuel Bree to second
Batting: RHB Juan Salinas 0-0: Ball
1-0: Called Strike
1-1: Ball
2-1: Foul Ball, location: 2F
2-2: Foul Ball, location: 2F
2-2: Ball
3-2: Foul Ball, location: 2F
3-2: Base on Balls
Batting: RHB Fred Burt 0-0: Ball
1-0: Called Strike
1-1: Foul Ball, location: 2F
1-2: Ball
2-2: SINGLE (Flyball, 9S)
SaQwan Hackett scores
Emanuel Bree to third
Juan Salinas to second
Runner from 3rd tries for Home, SAFE, no throw or cutoff
Batting: RHB John Burton 0-0: Ball
1-0: Foul Ball, location: 2F
1-1: Swinging Strike
1-2: Fielders Choice at 2nd, 6-4 (Groundball, 6MS)
Bottom of the 5th over - 3 run(s), 4 hit(s), 0 error(s), 1 left on base; Syracuse 2 - Connetquot 3
TOP OF THE 6TH
Syracuse Storm batting - Pitching for Connetquot Chiefs : LHP Rusty Swanson
Batting: SHB Jim Unknown 0-0: Ball
1-0: SINGLE (Line Drive, 6M)
Batting: RHB Octávio Beltzán 0-0: Ball
1-0: Fly out, F2 (Popup, 2LF)
Batting: RHB Philip Schooten 0-0: Called Strike
0-1: Ball
1-1: SINGLE (Groundball, 4MD)
Jim Unknown to second
Batting: RHB Sung-min Pae 0-0: Ball
1-0: SINGLE (Line Drive, 9S)
Jim Unknown to third
Philip Schooten to second
Batting: RHB Carlos De Jesús 0-0: Ball
1-0: Ball
2-0: Swinging Strike
2-1: Ball
3-1: Called Strike
3-2: Strikes out swinging
Batting: SHB John Clayton 0-0: Ball
1-0: Ball
2-0: Called Strike
2-1: Fielders Choice at 2nd, U4 (Groundball, 4M)
Top of the 6th over - 0 run(s), 3 hit(s), 0 error(s), 3 left on base; Syracuse 2 - Connetquot 3
BOTTOM OF THE 6TH
Connetquot Chiefs batting - Pitching for Syracuse Storm : RHP Jim Unknown
Batting: LHB Félix Fernández 0-0: Ball
1-0: Ball
2-0: Called Strike
2-1: Called Strike
2-2: Foul Ball, location: 2F
2-2: Ball
3-2: Ground out 4-3 (Groundball, 4)
Batting: RHB José Magana 0-0: Ball
1-0: DOUBLE (Groundball, 3D)
Batting: LHB SaQwan Hackett 0-0: Intentional Walk
Batting: RHB Emanuel Bree 0-0: Called Strike
0-1: Ball
1-1: Ball
2-1: Foul Ball, location: 2F
2-2: SINGLE (Groundball, 56D)
José Magana to third
SaQwan Hackett to second
Runner from 3rd tries for Home, throw and OUT!
SaQwan Hackett to third
Emanuel Bree to second
Batting: SHB Britt Ducker 0-0: Called Strike
0-1: Ball
1-1: Ball
2-1: Foul Ball, location: 2F
2-2: Ball
3-2: Ground out 3-1 (Groundball, 34S)
Bottom of the 6th over - 0 run(s), 2 hit(s), 0 error(s), 2 left on base; Syracuse 2 - Connetquot 3
TOP OF THE 7TH
Syracuse Storm batting - Pitching for Connetquot Chiefs : LHP Rusty Swanson
Batting: SHB Jeff Cornelis 0-0: Ball
1-0: Ball
2-0: Ball
3-0: Called Strike
3-1: Ground out 5-3 (Groundball, 5)
Batting: LHB Braxton Mosley 0-0: Fly out, F5 (Popup, 5F)
Batting: RHB Jorge López 0-0: Ball
1-0: SINGLE (Groundball, 5)
Batting: SHB Jim Unknown 0-0: Called Strike
0-1: Ball
1-1: Fly out, F8 (Flyball, 78D)
Top of the 7th over - 0 run(s), 1 hit(s), 0 error(s), 1 left on base; Syracuse 2 - Connetquot 3
BOTTOM OF THE 7TH
Connetquot Chiefs batting - Pitching for Syracuse Storm : RHP Jim Unknown
Batting: RHB David Pérez 0-0: Ball
1-0: Fly out, F8 (Flyball, 8LM)
Batting: RHB Juan Salinas 0-0: Ball
1-0: Ground out 1-3 (Groundball, 13)
Batting: RHB Fred Burt 0-0: Foul Ball, location: 2F
0-1: Ball
1-1: Ball
2-1: DOUBLE (Groundball, 5L)
Pitching: RHP Robinson Luján
Batting: RHB John Burton 0-0: Called Strike
0-1: Ball
1-1: Fly out, F4 (Popup, 4)
Bottom of the 7th over - 0 run(s), 1 hit(s), 0 error(s), 1 left on base; Syracuse 2 - Connetquot 3
TOP OF THE 8TH
Syracuse Storm batting - Pitching for Connetquot Chiefs : LHP Rusty Swanson
Now in RF: Rúbem Corvo
Batting: RHB Octávio Beltzán 0-0: Ball
1-0: Ball
2-0: Swinging Strike
2-1: Ground out 4-3 (Groundball, 4M)
Batting: RHB Philip Schooten 0-0: Called Strike
0-1: Ball
1-1: Foul Ball, location: 2F
1-2: Strikes out swinging
Batting: RHB Sung-min Pae 0-0: Called Strike
0-1: Called Strike
0-2: Ball
1-2: Foul Ball, location: 2F
1-2: Ball
2-2: SINGLE (Groundball, 25) (infield hit)
Pitching: RHP Jim Unknown
Batting: RHB Carlos De Jesús 0-0: SINGLE (Line Drive, 6M)
Sung-min Pae to second
Batting: SHB John Clayton 0-0: Hit by Pitch
Sung-min Pae to third
Carlos De Jesús to second
Pinch Hitting: RHB Mike Brown 0-0: Swinging Strike
0-1: Fly out, F7 (Flyball, 78M)
Top of the 8th over - 0 run(s), 2 hit(s), 0 error(s), 3 left on base; Syracuse 2 - Connetquot 3
BOTTOM OF THE 8TH
Connetquot Chiefs batting - Pitching for Syracuse Storm : RHP Robinson Luján
Now at 1B: Mike Brown
Batting: LHB Félix Fernández 0-0: Foul Ball, location: 2F
0-1: Called Strike
0-2: Foul Ball, location: 2F
0-2: Foul Ball, location: 2F
0-2: Ball
1-2: Ground out 6-3 (Groundball, 6)
Batting: RHB José Magana 0-0: Ball
1-0: Fly out, F3 (Line Drive, 3)
Batting: LHB SaQwan Hackett 0-0: Ball
1-0: Ball
2-0: Ball
3-0: Base on Balls
Batting: RHB Emanuel Bree 0-0: Called Strike
0-1: Ball
1-1: Ball
2-1: Swinging Strike
2-2: Foul Ball, location: 2F
2-2: Strikes out swinging
Bottom of the 8th over - 0 run(s), 0 hit(s), 0 error(s), 1 left on base; Syracuse 2 - Connetquot 3
TOP OF THE 9TH
Syracuse Storm batting - Pitching for Connetquot Chiefs : RHP Jim Unknown
Now at C: Tim Taylor
Now at 3B: Fernando Mendoza
Batting: LHB Braxton Mosley 0-0: Ball
1-0: Foul Ball, location: 2F
1-1: Called Strike
1-2: Ball
2-2: Strikes out looking
Batting: RHB Jorge López 0-0: Ball
1-0: Ball
2-0: Called Strike
2-1: Foul Ball, location: 2F
2-2: Strikes out swinging
Batting: SHB Jim Unknown 0-0: SINGLE (Groundball, 34D)
Pinch Hitting: SHB Roberto López 0-0: Ball
1-0: Swinging Strike
1-1: Foul Ball, location: 2F
1-2: Ball
2-2: Fly out, F2 (Popup, 2LF)
Top of the 9th over - 0 run(s), 1 hit(s), 0 error(s), 1 left on base; Syracuse 2 - Connetquot 3
This league is powered by Out of the Park Baseball, the baseball management simulation game for PC, Mac and Linux
Friday, July 8th, 2016 - OOTP Baseball 16.9 Build 39